Map: Mundo Adormecido LE

Players

LowLinK

  • Race: Protoss Protoss
  • League: Diamond
  • Spawn Location: 7:00

Blundt - Winner!

  • Race: Zerg Zerg
  • League: Platinum
  • Spawn Location: 1:00

VOD

Have the link to the VOD?

Description

Time

  • Played on: Feb. 17, 2020, 10:33 a.m.
  • Length: 6:20
Show
View Real Time Build Order
Export as new Build Order

LowLinK Protoss 

Build Orders:  

Get SALT Encoding   

  12  0:01  Probe  
  13  0:13  Probe  
  14  0:20  Pylon  
  14  0:25  Probe  
  15  0:38  Gateway  
  15  0:39  Probe (Chrono Boost)  
  16  0:48  Assimilator  
  16  0:49  Probe (Chrono Boost)  
  17  0:54  Probe (Chrono Boost)  
  18  0:58  Assimilator  
  18  1:05  Probe  
  19  1:17  Probe  
  20  1:25  Pylon  
  20  1:27  Cybernetics Core  
  20  1:29  Pylon  
  20  1:44  Probe  
  21  1:51  Zealot  
  23  1:56  Probe  
  23  1:57  Warp Gate (Chrono Boost)  
  24  2:05  Pylon  
  24  2:11  Gateway x2  
  24  2:16  Probe  
  25  2:23  Gateway  
  25  2:29  Adept  
  27  2:38  Gateway  
  27  2:51  Pylon  
  27  3:33  Adept  
  29  3:34  Stalker x2  
  29  3:35  Stalker x2  
  37  3:52  Sentry  
  37  3:54  Stalker  
  41  3:58  Adept x3  
  23  4:48  Pylon  
  23  4:51  Pylon  
  15  4:54  Probe  
  3  5:08  Zealot x2  
  3  5:09  Zealot x2  
  3  5:11  Probe  
  12  5:23  Probe (Chrono Boost)  
  13  5:39  Probe (Chrono Boost)  
  14  5:46  Probe  
  15  5:58  Probe  
Show
View Real Time Build Order
Export as new Build Order

Blundt Zerg - Winner!

Build Orders: Hatch First 

Get SALT Encoding   

  12  0:01  Drone  
  13  0:13  Overlord  
  13  0:17  Drone  
  14  0:33  Drone x2  
  16  0:52  Hatchery  
  16  0:53  Drone  
  16  0:57  Drone  
  16  1:01  Extractor  
  16  1:03  Drone  
  17  1:18  Spawning Pool  
  16  1:20  Drone  
  17  1:26  Drone  
  17  1:28  Drone  
  19  1:39  Drone  
  20  1:54  Overlord  
  20  2:04  Drone  
  22  2:08  Drone, Queen x2  
  22  2:15  Metabolic Boost  
  26  2:18  Drone  
  27  2:24  Drone x2  
  27  2:27  Drone  
  30  2:35  Zergling x2  
  31  2:38  Zergling x2  
  32  2:44  Zergling x2  
  32  2:48  Overlord  
  33  2:57  Overlord  
  33  2:59  Zergling x2  
  34  3:07  Zergling x2  
  34  3:10  Baneling Nest  
  34  3:16  Zergling x2  
  35  3:20  Zergling x6  
  35  3:22  Drone  
  35  3:25  Drone x2  
  42  3:27  Drone  
  42  3:30  Extractor  
  41  3:37  Zergling x6  
  44  3:46  Zergling x4  
  46  3:52  Queen  
  46  3:54  Queen  
  50  3:58  Baneling x4  
  50  3:59  Baneling  
  50  4:00  Zergling x4  
  38  4:45  Zergling x6  
  31  5:17  Zergling x2  
  31  5:18  Zergling x2  
  31  5:22  Hatchery  
  31  5:23  Zergling x2  
  31  5:24  Zergling x8  
  35  5:46  Hatchery  
  34  5:58  Zergling x8  
  34  6:00  Baneling x5  
Tags
 
Add a new tag
Caveats
  • Supply blocks, unpowered buildings, or Contaminate may cause inaccurate times.
  • Supply counts are checked every 10 seconds.